 Dungeon Crawl Stone Soup version 0.26-a0-111-g8f6dc4e0a5 (console) character file.

Game seed: 10655300576281688449

1869 Middernacht the Ruffian (level 8, -2/83 HPs)
             Began as a Troll Berserker on June 24, 2020.
             Was an Elder of Trog.
             Slain by a bullfrog (4 damage)
             ... on level 6 of the Dungeon.
             The game lasted 00:18:28 (4852 turns).

Middernacht the Ruffian (Troll Berserker)           Turns: 4852, Time: 00:18:29

Health: -2/83      AC: 11    Str: 28    XL:     8   Next: 90%
Magic:  7/7        EV: 12    Int:  3    God:    Trog [****..]
Gold:   331        SH:  0    Dex:  9    Spells: 7/7 levels left

rFire    . . .     SeeInvis .     - Unarmed
rCold    . . .     Faith    .   (no shield)
rNeg     . . .     Spirit   .   a - +0 animal skin
rPois    .         Reflect  .   f - +1 hat
rElec    .         Harm     .   (no cloak)
rCorr    .                      (gloves unavailable)
MR       .....                  (boots unavailable)
Stlth    +.........             (no amulet)
HPRegen  0.63/turn              v - +4 ring of protection
MPRegen  0.10/turn              (no ring)

@: lethally poisoned (-2 -> -19)
A: large, unfitting armour, claws 3, fast metabolism 3, gourmand, regeneration
1, shaggy fur 1, tough skin 3
a: Berserk, Trog's Hand, Brothers in Arms, Renounce Religion


You were on level 6 of the Dungeon.
You worshipped Trog.
Trog was greatly pleased with you.
You were completely stuffed.

You visited 1 branch of the dungeon, and saw 7 of its levels.

You collected 331 gold pieces.

Inventory:

Armour
 a - a +0 animal skin (worn)
 f - a +1 hat (worn)
Jewellery
 j - an uncursed amulet of inaccuracy
 v - a +4 ring of protection (left claw)
Wands
 m - a wand of flame (18)
 q - a wand of polymorph (10)
Scrolls
 d - 4 scrolls of identify
 g - 3 scrolls of enchant weapon {unknown}
 h - 6 scrolls of remove curse
 l - a scroll of amnesia {unknown}
 n - 4 scrolls of teleportation
 o - a scroll of enchant armour {unknown}
 s - a scroll of noise {unknown}
Potions
 c - 3 potions of flight {unknown}
 e - 2 potions of curing
 i - 2 potions of lignification
 k - a potion of haste
 p - a potion of heal wounds {unknown}
 r - a potion of brilliance {unknown}
 t - a potion of berserk rage
 u - a potion of degeneration {unknown}
 w - a potion of stabbing {unknown}
Comestibles
 b - 11 rations
 x - 9 chunks of flesh


   Skills:
 + Level 6.1 Fighting
 + Level 6.1 Dodging
 + Level 7.3 Unarmed Combat


You had 7 spell levels left.
You didn't know any spells.
Your spell library was empty.

Dungeon Overview and Level Annotations

Branches:
Dungeon (7/15)
 Temple: D:4-7

Altars:
Cheibriados
Elyvilon
Okawaru
Trog
Uskayaw
Xom
Yredelemnul
Zin

Shops:
D:4 (   D:5 (


Innate Abilities, Weirdness & Mutations

You are too large for most types of armour.
You have claws for hands.
Your metabolism is lightning-fast.
You like to eat raw meat.
Your natural rate of healing is unusually fast.
You are covered in fur. (AC +1)
You have extremely tough skin. (AC +3)


Message History

* * * LOW HITPOINT WARNING * * *
The killer bee stings you.
* * * LOW HITPOINT WARNING * * *
You are more poisoned.
The killer bee poisons you!
The killer bee stings you but does no damage.
You barely miss the killer bee.
* * * LOW HITPOINT WARNING * * *
You feel sick. The killer bee misses you. The killer bee stings you.
* * * LOW HITPOINT WARNING * * *
The bullfrog hits you but does no damage.
The killer bee misses you.
Some of the chunks of flesh in your inventory have rotted away.
You closely miss the killer bee.
* * * LOW HITPOINT WARNING * * *
You feel very sick. The killer bee barely misses you.
The bullfrog barely misses you.
The killer bee stings you but does no damage. x2
The bullfrog hits you.
You die...

#.#.........##.###.######..#..#
#.#.###...#(##............#..##
#.#.#
##.##.##.......###.###.####
#.#.# #.#...#..........##
##..<. #.#.#
#.............###.###.###.
#...# #.#..)#..#...## ##.#.##
#. ###.# #.##.##..##.## ##.##
#. # #.# #.##.....##.# #.# #. #
#.# #.#####.###.# #.### #. #
#.####.#####.###.# #...# ## #
#............y@y.# ###.# #
######.#######F### #.# # #.#
#.# #.# #.##### #.# ######.####
#.....# #.# #......>..# #####.#
#.# #.####.##.# #.# #.# #.#
#..(.. #### #.# #.#
###.######### ...# #.# #.#
#.....# ##.# #######.###.#
#.###.# #.# #...........# #.#
#.# ###


You could see a bullfrog and 2 killer bees.

Vanquished Creatures
  Eustachio (D:5)
  The ghost of SkyBlueFox the Bolt Thrower, an amateur NaHu (D:3)
  Menkaure (D:4)
  Edmund (D:5)
  An orc warrior (D:6)
  A necrophage (D:6)
  3 ogres
  A centaur (D:6)
  3 killer bees (D:6)
  An electric eel (D:6)
  A bullfrog zombie (D:5)
  2 crimson imps (D:5)
  2 jellies (D:5)
  A hound (D:6)
  3 iguanas
  A centaur skeleton (D:4)
  4 worker ants
  A hound zombie (D:6)
  2 worker ant zombies
  4 gnolls (D:6)
  10 adders
  An adder zombie (D:5)
  A worm (D:5)
  A dart slug (D:2)
  8 leopard geckos
  10 orcs
  8 bats
  3 giant cockroaches
  4 goblins
  5 hobgoblins
  7 jackals
  A quokka (D:5)
  A ball python (D:3)
  6 frilled lizards
  2 giant cockroach zombies
  10 kobolds
  A leopard gecko skeleton (D:6)
  A quokka zombie (D:6)
  6 rats
  2 fungi (D:5)
123 creatures vanquished.

Vanquished Creatures (others)
  8 plants (D:6)
8 creatures vanquished.

Grand Total: 131 creatures vanquished

Notes
Turn   | Place    | Note
-------+----------+-------------------------------------------
     0 | D:1      | Middernacht the Troll Berserker began the quest for the
                  | Orb.
     0 | D:1      | Reached XP level 1. HP: 22/22 MP: 0/0
   359 | D:1      | Reached XP level 2. HP: 29/29 MP: 1/1
   865 | D:2      | Reached XP level 3. HP: 32/36 MP: 2/2
   924 | D:2      | Found a faded altar of an unknown god.
   961 | D:2      | Reached ** piety under Trog
  1705 | D:3      | Found a glowing silver altar of Zin.
  1876 | D:3      | Reached XP level 4. HP: 44/45 MP: 3/3
  1996 | D:3      | Found a shimmering altar of Xom.
  2210 | D:3      | Found a runed translucent door.
  2210 | D:3      | Noticed SkyBlueFox's ghost (amateur NaHu)
  2217 | D:3      | Reached skill level 4 in Unarmed Combat
  2224 | D:3      | Killed SkyBlueFox's ghost
  2224 | D:3      | Reached XP level 5. HP: 36/54 MP: 4/4
  2478 | D:4      | Noticed Menkaure
  2483 | D:4      | Killed Menkaure
  2483 | D:4      | Reached XP level 6. HP: 35/62 MP: 5/5
  2789 | D:4      | Found Xihy's Antique Weapon Shoppe.
  2807 | D:4      | Reached *** piety under Trog
  2846 | D:4      | Reached skill level 5 in Unarmed Combat
  2948 | D:5      | Entered Level 5 of the Dungeon
  2948 | D:5      | Found Huborubu's Antique Weapon Shop.
  2980 | D:5      | Reached XP level 7. HP: 61/70 MP: 6/6
  3046 | D:5      | Noticed Edmund
  3055 | D:5      | Killed Edmund
  3116 | D:5      | Noticed Eustachio
  3130 | D:5      | Killed Eustachio
  3130 | D:5      | Reached skill level 5 in Fighting
  3130 | D:5      | Reached skill level 5 in Dodging
  3130 | D:5      | Reached skill level 6 in Unarmed Combat
  3131 | D:5      | Reached XP level 8. HP: 41/80 MP: 7/7
  3252 | D:5      | Found a white marble altar of Elyvilon.
  3630 | D:6      | Found a hide-covered altar of Uskayaw.
  3826 | D:6      | HP: 5/121 [electric eel/bolt of electricity (11)]
  3828 | D:6      | Reached **** piety under Trog
  4125 | D:6      | Found an iron altar of Okawaru.
  4127 | D:6      | Found a bloodstained altar of Trog.
  4339 | D:6      | Found a snail-covered altar of Cheibriados.
  4350 | D:6      | Found a basalt altar of Yredelemnul.
  4655 | D:6      | Reached skill level 7 in Unarmed Combat
  4851 | D:6      | HP: 4/83 [killer bee (5)]
  4852 | D:6      | Slain by a bullfrog

Illustrated notes

Levels and vault maps discovered:
D:1:      minmay_arrival_glassed_features, layout_loops_corners,
          chequers_serial_rivers_room_a
D:2:      layout_basic, first_ration, chequers_ecumenical_altar_simple_redux
D:3:      layout_loops_ring, overflow_temple_1_default, marbit_many_paths,
          ebering_ghost_inner_flame
D:4:      layout_basic, serial_shops, nicolae_shop_competitors_out_of_business,
          uniq_menkaure
D:5:      layout_rooms, elyvilon_altar_1, serial_shops, nicolae_shop_waterfront,
          uniq_eustachio, uniq_edmund
D:6:      layout_loops_ring, grunt_temple_overflow_bloody_war,
          amethyst_overflow_temple_binary, serial_bayou_lagoon_a,
          minmay_ruined_shrine
D:7:      layout_loops_corners, minmay_temple_entry_ruins,
          ebering_ghost_disaster_area

Skill      XL: |  1  2  3  4  5  6  7  8 |
---------------+-------------------------+-----
Dodging        | 3 4 5 6 |  6.1
Fighting       | 3 4 5 6 |  6.1
Unarmed Combat | 4 5 6 7 |  7.3

Action                   |  1- 3 |  4- 6 |  7- 9 || total
-------------------------+-------+-------+-------++-------
Melee: Unarmed           |   120 |    65 |   171 ||   356
       Punch             |       |     1 |     7 ||     8
Invok: Berserk           |       |     2 |     3 ||     5
       Trog's Hand       |       |       |     1 ||     1
  Use: Scroll            |     3 |       |       ||     3
       Potion            |       |       |     2 ||     2
 Stab: Sleeping          |     1 |       |       ||     1
  Eat: Chunk             |    23 |     7 |    25 ||    55
Armor: Animal skin       |    48 |    12 |    42 ||   102
Dodge: Dodged            |    57 |    21 |   112 ||   190

Table legend:
 A = Non-vault XP
 B = Vault XP
 C = Vault XP percentage of total XP
 D = Non-vault monster count
 E = Vault monster count
 F = Vault count percentage of total count
                 A         B        C        D         E       F
            +---------+---------+-------+---------+---------+-------
      Total |    1731 |     940 |  35.2 |     110 |      11 |   9.1
            +---------+---------+-------+---------+---------+-------
        D:1 |      37 |       0 |   0.0 |      22 |       0 |   0.0
        D:2 |      42 |       0 |   0.0 |      17 |       0 |   0.0
        D:3 |      50 |     233 |  82.3 |      17 |       3 |  15.0
        D:4 |      85 |     172 |  66.9 |       7 |       1 |  12.5
        D:5 |     645 |     373 |  36.6 |      18 |       2 |  10.0
        D:6 |     872 |     162 |  15.7 |      29 |       5 |  14.7
            +---------+---------+-------+---------+---------+-------
